 Dungeon Crawl Stone Soup version 0.30-a0-168-g0b976cbdc4 (webtiles) character file.

Game seed: 4932052484894240273

525 jimonade the Slicer (level 7, 0/40 HPs)
             Began as a Kobold Brigand on Sept 28, 2022.
             Was an Initiate of Wu Jian.
             Slain by a jelly (2 damage)
             ... on level 5 of the Dungeon on Sept 29, 2022.
             The game lasted 00:11:47 (4692 turns).

jimonade the Slicer (Kobold Brigand)                Turns: 4692, Time: 00:11:48

Health: 0/40       AC:  2    Str:  8    XL:     7   Next: 47%
Magic:  7/7        EV: 13    Int: 13    God:    Wu Jian [......]
Gold:   154        SH:  0    Dex: 18    Spells: 6/6 levels left

rFire   + . .      SeeInvis +    a - +7 short sword "Orb Guardian's Curse" {flame, rF+ Will+ SInv}
rCold   . . .      Faith    .    (no shield)
rNeg    . . .      Spirit   .    i - +0 leather armour
rPois   .          Reflect  .    q - +0 hat
rElec   .          Harm     .    J - +0 cloak
rCorr   .          Rampage  .    w - +0 pair of gloves
Will    +....                    y - +0 pair of boots
Stlth   ++++......               (no amulet)
HPRegen 0.13/turn                (no ring)
MPRegen 0.10/turn                (no ring)

@: corroded
A: small, no large weapons, nightstalker 3
a: Renounce Religion


You were on level 5 of the Dungeon.
You worshipped Wu Jian.
Wu Jian was noncommittal.
You visited 2 branches of the dungeon, and saw 6 of its levels.

You collected 154 gold pieces.

Inventory:

Hand Weapons
 a - the +7 short sword "Orb Guardian's Curse" (weapon) {flame, rF+ Will+ SInv}
   (You found it on level 3 of the Dungeon)

   It burns those it strikes, dealing additional fire damage.
   rF:        It protects you from fire.
   SInv:      It lets you see invisible.
   Will:      It increases your willpower.
 b - a +3 dagger
 c - a +1 dagger of holy wrath
 h - a +0 long sword
 n - a +0 rapier
 s - a +0 spear
 B - a +0 sling
Missiles
 d - 13 poisoned darts (quivered)
 e - 3 curare-tipped darts
 t - 5 datura-tipped darts
Armour
 i - a +0 leather armour (worn)
 q - a +0 hat (worn)
 r - a +0 plate armour
 w - a +0 pair of gloves (worn)
 y - a +0 pair of boots (worn)
 C - a +0 chain mail
 E - a +0 robe
 J - a +0 cloak (worn)
Magical Staves
 F - a staff of conjuration
Scrolls
 j - a scroll of butterflies
 p - 2 scrolls of magic mapping
Potions
 g - a potion of haste {unknown}
 k - 4 potions of resistance
 m - 2 potions of lignification
 o - 2 potions of invisibility
 D - a potion of heal wounds {unknown}
 I - a potion of degeneration {unknown}


   Skills:
 + Level 2.2 Fighting
 - Level 10.0 Short Blades
 - Level 2.1 Throwing
 + Level 0.2 Armour
 + Level 1.2 Dodging
 + Level 5.4 Stealth


You had 6 spell levels left.
You didn't know any spells.
Your spell library was empty.

Dungeon Overview and Level Annotations

Branches:
Dungeon (5/15)             Temple (1/1) D:4

Altars:
Dithmenos
Elyvilon
Fedhas
Gozag
Kikubaaqudgha
Makhleb
Nemelex Xobeh
Okawaru
Sif Muna
Trog
Uskayaw
Wu Jian
Xom
Zin
The Shining One

Annotations:
D:3 Terence
D:4 2 runed translucent doors, exclusions: centaur and 3 gnolls


Innate Abilities, Weirdness & Mutations

You are small and have problems with some larger weapons.
You are completely attuned to the shadows.


Message History

The Council accepts your kill.
A jelly comes into view.
You lunge at the orc, in a flurry of attacks.
The helpless orc fails to defend itself.
You skewer the orc like a kebab!!!! You burn the orc.
You kill the orc!
The Council accepts your kill.
A white imp comes into view.
The white imp shouts, "Scamper away, thou obnoxious mumble-news strumpet!"
There is a stone staircase leading up here.
You hit the white imp but do no damage. The white imp closely misses you.
You hit the white imp but do no damage. You hit the white imp but do no damage.
The white imp closely misses you.
You hit the white imp. You burn the white imp.
The white imp is severely wounded.
You barely miss the white imp.
The white imp is severely wounded.
The white imp gestures at you. The puff of frost misses you.
You closely miss the white imp.
The white imp is severely wounded.
The jelly quivers.
You puncture the white imp! You burn the white imp.
You kill the white imp!
The Council accepts your kill. The jelly misses you.
You hit the jelly. You burn the jelly. The acid corrodes you!
Your hands burn!
The jelly is moderately wounded.
You barely miss the jelly.
The jelly is moderately wounded.
The jelly hits you.
You are splashed with acid!
You hit the jelly. You burn the jelly.
Your hands burn!
The jelly is heavily wounded.
You hit the jelly but do no damage.
Your hands burn!
The jelly is heavily wounded.
The jelly hits you. The acid corrodes you!
You are splashed with acid!
* * * LOW HITPOINT WARNING * * *
The jelly attacks as you move away! The jelly barely misses you.
The jelly attacks as you move away! The jelly hits you.
You die...

###.. ....
..# . #.#
..
#J###..o
..#.@<....
#....).#.
....)####
......#
......#
.....#


You could see a jelly.

Vanquished Creatures
  Sigmund (D:3)
  A black bear (D:4)
  An orc priest (D:4)
  Jessica (D:3)
  An iguana (D:4)
  2 orc wizards (D:4)
  A gnoll (D:1)
  5 adders
  A white imp (D:5)
  An ufetubus (D:4)
  3 dart slugs
  10 orcs
  6 endoplasms
  3 giant cockroaches
  9 goblins
  4 hobgoblins
  A quokka (D:4)
  6 ball pythons
  5 bats
  A frilled lizard (D:1)
  6 kobolds
  4 rats
73 creatures vanquished.

Notes
Turn   | Place    | Note
-------+----------+-------------------------------------------
     0 | D:1      | jimonade the Kobold Brigand began the quest for the Orb.
     0 | D:1      | Reached XP level 1. HP: 12/12 MP: 1/1
    45 | D:1      | Found a faded altar of an unknown god.
    76 | D:1      | Reached skill level 3 in Short Blades
   171 | D:1      | Reached XP level 2. HP: 17/17 MP: 2/2
   277 | D:1      | Reached skill level 4 in Short Blades
   726 | D:1      | Reached XP level 3. HP: 21/21 MP: 3/3
  1403 | D:2      | Reached skill level 5 in Short Blades
  1488 | D:2      | Reached XP level 4. HP: 19/26 MP: 4/4
  1803 | D:2      | Upgraded the game from 0.30-a0-165-g1891117ce2 to
                  | 0.30-a0-168-g0b976cbdc4
  1893 | D:2      | Found a hide-covered altar of Uskayaw.
  1956 | D:2      | Reached skill level 6 in Short Blades
  2194 | D:3      | Noticed Terence
  2382 | D:3      | Noticed Jessica
  2386 | D:3      | Killed Jessica
  2387 | D:3      | Reached XP level 5. HP: 30/30 MP: 5/5
  2407 | D:3      | Identified the +7 short sword "Orb Guardian's Curse"
                  | {flame, rF+ Will+ SInv}
  2685 | D:3      | Noticed Sigmund
  2687 | D:3      | Killed Sigmund
  2688 | D:3      | Reached skill level 8 in Short Blades
  2688 | D:3      | Reached XP level 6. HP: 35/35 MP: 6/6
  3326 | D:4      | Found a large runed translucent door.
  3326 | D:4      | Found a large runed translucent door.
  3504 | D:4      | Found a staircase to the Ecumenical Temple.
  3510 | Temple   | Entered the Ecumenical Temple
  3635 | Temple   | Became a worshipper of the Wu Jian Council
  3729 | D:4      | Noticed a black bear
  3732 | D:4      | Killed a black bear
  3733 | D:4      | Reached skill level 9 in Short Blades
  3733 | D:4      | Reached XP level 7. HP: 40/40 MP: 7/7
  3823 | D:4      | Reached skill level 10 in Short Blades
  4670 | D:5      | Entered Level 5 of the Dungeon
  4690 | D:5      | HP: 1/40 [acid (12)]
  4692 | D:5      | Slain by a jelly

Illustrated notes

Levels and vault maps discovered:
D:1:      dpeg_arrival_short_road, layout_basic, basic_ecumenical_altar,
          minmay_cupped
D:2:      layout_basic, basic_altar, skrybe_limestone_x
D:3:      layout_loops_ring, uniq_sigmund, uniq_jessica, uniq_terence
D:4:      cheibrodos_pilgrimage, layout_loops_corners, jmf_multi_god_temple2,
          temple_hall
D:5:      layout_basic, mainiacjoe_overflow_swirl
Temple:   eino_temple_lava

Skill      XL: |  1  2  3  4  5  6  7 |
---------------+----------------------+-----
Short Blades   | 3 4 5 6 8 9 10 | 10.0
Fighting       | |  2.2
Throwing       | |  2.1
Armour         | |  0.2
Dodging        | |  1.2
Stealth        | |  5.4

Action                   |  1- 3 |  4- 6 |  7- 9 || total
-------------------------+-------+-------+-------++-------
Melee: Dagger            |    71 |    34 |       ||   105
       Short sword       |       |    18 |    39 ||    57
Invok: Lunge             |       |     3 |     2 ||     5
  Use: Scroll            |       |       |    14 ||    14
 Stab: Sleeping          |    15 |    18 |     3 ||    36
       Distracted        |     1 |     1 |       ||     2
Armor: Leather armour    |    21 |     8 |     1 ||    30
Dodge: Dodged            |    38 |    24 |    11 ||    73

Table legend: (Time is in decaauts)
 A = Elapsed time spent in this place.
 B = Non-inter-level travel time spent in this place.
 C = Inter-level travel time spent in this place.
 D = Time resting spent in this place.
 E = Time spent auto-exploring this place.
 F = Levels seen in this place.
 G = Mean time per level.
                   A        B        C        D        E       F      G
               +--------+--------+--------+--------+--------+-----+--------+
         Total |   4643 |   4333 |    310 |    365 |   3312 |   6 |  773.8 |
       Dungeon |   4510 |   4222 |    288 |    365 |   3216 |   5 |  902.0 |
        Temple |    133 |    111 |     22 |      0 |     96 |   1 |  133.0 |
               +--------+--------+--------+--------+--------+-----+--------+

Top non-repeatable levels by time:
     D:1: 1365 daAuts
     D:4: 1186 daAuts
     D:2: 1071 daAuts
     D:3: 870 daAuts
  Temple: 133 daAuts
     D:5: 15 daAuts
